[Event "Titled Tuesday Blitz April 4 Early 2023"]
[White "Zhao, Jun"]
[Black "Adla, Diego"]
[WhiteFideId "8602522"]
[BlackFideId "100072"]
[WhiteElo "2547"]
[BlackElo "2377"]
[Result "1/2-1/2"]
[Round "08"]
[TimeControl "180+2"]
[Date "2023.04.04"]
[WhiteClock "0:00:03"]
[BlackClock "0:00:15"]

1. e4 e5 2. Nf3 Nc6 3. Bb5 Bc5 4. O-O Qf6 5. c3 Nge7 6. d3 h6 7. Be3 Bb6 8. d4 O-O 9. Re1 d6 10. h3 Ng6 11. Bxc6 bxc6 12. Nbd2 Bd7 13. a4 exd4 14. Bxd4 Bxd4 15. cxd4 Rab8 16. Qc2 Nf4 17. e5 Qg6 18. Qxg6 Nxg6 19. exd6 cxd6 20. Nc4 Nf4 21. Re7 Be6 22. Nxd6 a5 23. Ra7 Rfd8 24. Ne4 Bd5 25. Ned2 Rxb2 26. Rxa5 Ne2+ 27. Kf1 Nxd4 28. Nxd4 Rxd2 29. Nf5 Re8 30. Ne3 Be4 31. Rc5 Rb8 32. a5 Rbb2 33. a6 Rxf2+ 34. Kg1 Ra2 35. Ra5 Rxa1+ 36. Rxa1 Re2 37. a7 c5 38. a8=Q+ Bxa8 39. Rxa8+ Kh7 40. Nc4 f5 41. Rc8 Rc2 42. Rxc5 f4 43. Rc6 g5 44. Ne5 Rxc6 45. Nxc6 Kg6 46. Kf2 Kf5 47. Kf3 h5 48. Ne7+ Kf6 49. Nd5+ Ke5 50. Nc3 Kf5 51. Nd1 g4+ 52. hxg4+ hxg4+ 53. Kf2 Ke4 54. Nc3+ Kd3 55. Nd5 Ke4 56. Nf6+ Kf5 57. Nd7 Ke6 58. Nc5+ Kd5 59. Nb3 Ke4 60. Na5 Kd4 61. Nb7 Ke4 62. Nd8 Kf5 63. Nf7 Kf6 64. Nd6 Ke5 65. Nb5 Ke4 66. Kf1 Ke3 67. Nd6 Kd4 68. Nf7 Ke4 69. Nh6 g3 70. Ke2 f3+ 71. gxf3+ Kf4 72. Ng4 g2 73. Kf2 g1=Q+ 74. Kxg1 Kxf3 1/2-1/2


[Site "https://www.chess.com"]

[Event "Titled Tuesday Blitz April 4 Early 2023"]
[White "Flores, Diego"]
[Black "Gabdrakhmanov, Azat"]
[WhiteFideId "108049"]
[BlackFideId "34189197"]
[WhiteElo "2613"]
[BlackElo "2306"]
[Result "1-0"]
[Round "08"]
[TimeControl "180+2"]
[Date "2023.04.04"]
[WhiteClock "0:00:43"]
[BlackClock "0:00:03"]

1. c4 Nf6 2. Nc3 d6 3. g3 g6 4. Bg2 Bg7 5. e4 O-O 6. Nge2 e5 7. d3 Nc6 8. O-O Nd4 9. Nxd4 exd4 10. Ne2 c5 11. b4 Nd7 12. Rb1 cxb4 13. Rxb4 Qa5 14. Rb5 Qxa2 15. Rd5 Nb6 16. Rxd6 Bg4 17. f3 Be6 18. Nf4 Rfd8 19. Rxe6 fxe6 20. Nxe6 Qa4 21. Nxd8 Rxd8 22. Bg5 Qxd1 23. Rxd1 Rc8 24. Ra1 a6 25. Rb1 Na4 26. Bh3 Re8 27. Bd7 Nc3 28. Rxb7 Rf8 29. Be7 Ra8 30. c5 a5 31. c6 Be5 32. c7 Bxc7 33. Rxc7 a4 34. Be6+ Kg7 35. Bg5+ Kf8 36. Rf7+ Ke8 37. Rxh7 Ne2+ 38. Kf2 Kf8 39. Bf6 Nf4 40. Rh8# 1-0


[Site "https://www.chess.com"]

[Event "Titled Tuesday Blitz April 4 Early 2023"]
[White "Gokerkan, Cem Kaan"]
[Black "Orlov, Georgi"]
[WhiteFideId "6336760"]
[BlackFideId "2011271"]
[WhiteElo "2365"]
[BlackElo "2579"]
[Result "1-0"]
[Round "08"]
[TimeControl "180+2"]
[Date "2023.04.04"]
[WhiteClock "0:01:58"]
[BlackClock "0:01:26"]

1. e4 d6 2. d4 Nf6 3. Nc3 c6 4. f4 Qa5 5. Bd3 e5 6. Nf3 Bg4 7. Be3 Nbd7 8. h3 Bxf3 9. Qxf3 exd4 10. Bxd4 Qb4 11. Bxf6 Nxf6 12. O-O-O Be7 13. e5 dxe5 14. fxe5 Nd7 15. e6 fxe6 16. Qh5+ Kd8 17. Rhe1 Bf6 18. Rxe6 Kc7 19. Bf5 Nc5 20. Qf7+ Kb6 21. Nd5+ 1-0


[Site "https://www.chess.com"]

[Event "Titled Tuesday Blitz April 4 Early 2023"]
[White "Dehtiarov, Roman"]
[Black "Ahn, Hongjin"]
[WhiteFideId "14186640"]
[BlackFideId "13201492"]
[WhiteElo "2189"]
[BlackElo "2182"]
[Result "1-0"]
[Round "08"]
[TimeControl "180+2"]
[Date "2023.04.04"]
[WhiteClock "0:00:07"]
[BlackClock "0:00:01"]

1. d4 d5 2. c4 e6 3. Nc3 Bb4 4. cxd5 exd5 5. Nf3 Ne7 6. Bf4 O-O 7. e3 c6 8. Bd3 Bf5 9. O-O Nd7 10. a3 Ba5 11. Bg3 Bc7 12. b4 Nf6 13. Rc1 a6 14. Qc2 Bxd3 15. Qxd3 Bxg3 16. hxg3 Re8 17. Rc2 Qc8 18. Rfc1 Nf5 19. Na4 Nd6 20. Nb6 Qd8 21. Nxa8 Qxa8 22. Ne5 Nfe4 23. Nd7 Qd8 24. Nc5 Nf6 25. a4 h5 26. b5 axb5 27. axb5 Ng4 28. Nxb7 Nxb7 29. bxc6 Nd6 30. c7 Qd7 31. Rb2 Nf6 32. Rb8 Nc8 33. Qa6 Ne4 34. Qc6 Qe7 35. Rcb1 Ned6 36. Ra1 g6 37. Raa8 Kg7 38. Qxd5 Qxc7 39. Qc5 Qd7 40. Qc3 Kh7 41. f3 Qe6 42. e4 Nb6 43. Rxe8 Nxe8 44. Ra6 Qd6 45. e5 Qb8 46. Qb4 Qc8 47. Rxb6 Qc1+ 48. Kh2 h4 49. Qb1 hxg3+ 50. Kxg3 Qg5+ 51. Kf2 Qh4+ 52. Ke2 Ng7 53. Qe4 Qg3 54. Qg4 Qh2 55. e6 Nxe6 56. Rb7 1-0


[Site "https://www.chess.com"]

[Event "Titled Tuesday Blitz April 4 Early 2023"]
[White "Kilic, Eray"]
[Black "TimGrutter03"]
[WhiteFideId "44517173"]
[WhiteElo "2328"]
[BlackElo "2567"]
[Result "1-0"]
[Round "08"]
[TimeControl "180+2"]
[Date "2023.04.04"]
[WhiteClock "0:01:05"]
[BlackClock "0:00:02"]

1. e4 g6 2. d4 Bg7 3. Nc3 d6 4. f4 a6 5. Nf3 b5 6. Bd3 b4 7. Nb1 Bb7 8. O-O e6 9. Qe2 Ne7 10. c3 bxc3 11. bxc3 O-O 12. Nbd2 c5 13. Rb1 Qc8 14. e5 Rd8 15. Ne4 Bxe4 16. Bxe4 d5 17. Bc2 cxd4 18. cxd4 Nbc6 19. Ba3 Nf5 20. Bxf5 exf5 21. Rfc1 Qd7 22. Bc5 Bf8 23. Rb6 Na5 24. Bxf8 Rxf8 25. Rd6 Qb7 26. e6 Nc4 27. Rd7 Qb6 28. exf7+ Rxf7 29. Rxd5 Nd6 30. Qe6 Nc4 31. Qxb6 Nxb6 32. Rd6 Rb8 33. Ne5 Rfb7 34. d5 Na4 35. Rdc6 Rb1 36. Rxb1 Rxb1+ 37. Kf2 Rb2+ 38. Kg3 Rxa2 39. d6 Rd2 40. Rc8+ Kg7 41. d7 Nc5 42. Rxc5 1-0


[Site "https://www.chess.com"]

[Event "Titled Tuesday Blitz April 4 Early 2023"]
[White "Eynullayev, Atilla"]
[Black "Wagner, Dennis"]
[WhiteFideId "13413570"]
[BlackFideId "24650684"]
[WhiteElo "2181"]
[BlackElo "2470"]
[Result "0-1"]
[Round "08"]
[TimeControl "180+2"]
[Date "2023.04.04"]
[WhiteClock "0:00:02"]
[BlackClock "0:00:09"]

1. d4 Nf6 2. c4 e6 3. Nc3 Bb4 4. e3 O-O 5. Bd3 c5 6. Nf3 d5 7. cxd5 exd5 8. dxc5 Bg4 9. Be2 Nc6 10. O-O Bxc5 11. h3 Bf5 12. b3 a6 13. Bb2 Ba7 14. Na4 Qd6 15. Bd3 Ne4 16. Nc3 Qe6 17. Ne2 Nxf2 18. Bxf5 Nxd1 19. Bxe6 Nxe3 20. Bd7 Rad8 21. Bxc6 Nxf1+ 22. Kxf1 bxc6 23. b4 a5 24. a3 c5 25. bxc5 Bxc5 26. Rc1 Bd6 27. Ned4 Rc8 28. Rxc8 Rxc8 29. Nb5 Rb8 30. Nfd4 Be5 31. Bc1 Bxd4 32. Nxd4 Rb1 33. Ne2 d4 34. Kf2 d3 35. Bd2 dxe2 36. Bxa5 Rb2 37. g3 Ra2 38. Bb4 f6 39. Ke1 Kf7 40. Bd2 0-1


[Site "https://www.chess.com"]

[Event "Titled Tuesday Blitz April 4 Early 2023"]
[White "Devaev, Alexander"]
[Black "Rohith Krishna S"]
[WhiteFideId "4169395"]
[BlackFideId "46617051"]
[WhiteElo "2204"]
[BlackElo "2270"]
[Result "0-1"]
[Round "08"]
[TimeControl "180+2"]
[Date "2023.04.04"]
[WhiteClock "0:00:07"]
[BlackClock "0:00:29"]

1. d4 d5 2. c4 e6 3. Nc3 Nf6 4. Bg5 Bb4 5. Nf3 O-O 6. e3 a6 7. Qc2 Nbd7 8. a3 Be7 9. Rd1 h6 10. Bh4 c6 11. cxd5 cxd5 12. Bd3 b5 13. O-O Bb7 14. Ne5 Rc8 15. Nxd7 Qxd7 16. Rc1 Rc6 17. b4 Rfc8 18. Qb2 Qc7 19. Ne2 Bd6 20. Bxf6 gxf6 21. g3 f5 22. Rxc6 Bxc6 23. Rc1 Qb7 24. Rc2 Bd7 25. Nc1 Rc4 26. Nb3 Qc8 27. Na5 h5 28. Nxc4 dxc4 29. Bf1 h4 30. Bg2 hxg3 31. hxg3 Qd8 32. d5 e5 33. Qc1 f6 34. Qd1 Be8 35. Qf3 Bg6 36. Rc1 Qd7 37. Rd1 Qh7 38. Rd2 Bh5 39. g4 fxg4 40. Qg3 f5 41. f3 Bg6 42. fxg4 f4 43. exf4 exf4 44. Qf3 Qa7+ 45. Kh1 Qe7 46. Re2 Qh7+ 47. Bh3 Bd3 48. Re8+ Kf7 49. Re6 Bb8 50. Kg2 c3 51. g5 c2 52. Rh6 Qe4 53. Rh7+ Qxh7 54. g6+ Qxg6+ 55. Kh2 c1=Q 0-1


[Site "https://www.chess.com"]

[Event "Titled Tuesday Blitz April 4 Early 2023"]
[White "Kollars, Dmitrij"]
[Black "Mortazavi, Ali"]
[WhiteFideId "12909572"]
[BlackFideId "401323"]
[WhiteElo "2584"]
[BlackElo "2339"]
[Result "1-0"]
[Round "08"]
[TimeControl "180+2"]
[Date "2023.04.04"]
[WhiteClock "0:01:09"]
[BlackClock "0:01:03"]

1. c4 g6 2. g3 Bg7 3. Bg2 d6 4. Nc3 Nf6 5. Nf3 O-O 6. O-O e5 7. d4 Nbd7 8. e4 c6 9. h3 Qa5 10. d5 cxd5 11. cxd5 Nc5 12. Nd2 b5 13. a3 b4 14. Nc4 Qa6 15. axb4 Qxa1 16. bxc5 dxc5 17. Na3 Rb8 18. Qc2 Rb4 19. b3 Ba6 20. Bb2 Qxb2 21. Qxb2 Bxf1 22. Bxf1 Rfb8 23. Bc4 Ne8 24. Ncb5 a6 25. Na7 Nd6 26. Nc6 Nxc4 27. Nxc4 Rxb3 28. Nxb8 Rxb2 29. Nxb2 1-0


[Site "https://www.chess.com"]

[Event "Titled Tuesday Blitz April 4 Early 2023"]
[White "Vakhlamov, Igor L."]
[Black "Itgelt, Khuyagtsogt"]
[WhiteFideId "24126748"]
[BlackFideId "4902912"]
[WhiteElo "2400"]
[BlackElo "2227"]
[Result "0-1"]
[Round "08"]
[TimeControl "180+2"]
[Date "2023.04.04"]
[WhiteClock "0:00:08"]
[BlackClock "0:00:06"]

1. e4 d6 2. d4 Nf6 3. Nc3 c6 4. Nf3 Bg4 5. h3 Bh5 6. g4 Bg6 7. Qe2 e6 8. Rg1 d5 9. exd5 Nxd5 10. Nxd5 Qxd5 11. Bg2 Qa5+ 12. Bd2 Bb4 13. c3 Be7 14. Ne5 Nd7 15. Nxd7 Kxd7 16. Be4 Rad8 17. a4 Kc8 18. b4 Qc7 19. Qf3 Bd6 20. b5 c5 21. a5 f5 22. gxf5 exf5 23. Bxf5+ Bxf5 24. Qxf5+ Kb8 25. b6 axb6 26. axb6 Qxb6 27. Rb1 Qa6 28. Rxg7 Rhe8+ 29. Be3 Re7 30. Qxh7 Rde8 31. Rxe7 Rxe7 32. Qg8+ Kc7 33. Qd5 cxd4 34. cxd4 Kb8 35. h4 Bc7 36. h5 Ba5+ 37. Kd1 Qd3+ 38. Kc1 Rc7+ 39. Kb2 Rc2+ 40. Ka1 Qc3+ 41. Rb2 Qxb2# 0-1


[Site "https://www.chess.com"]

[Event "Titled Tuesday Blitz April 4 Early 2023"]
[White "Ashraf, Artin"]
[Black "Belozerov, Andrei"]
[WhiteFideId "22514805"]
[BlackFideId "4120213"]
[WhiteElo "2188"]
[BlackElo "2373"]
[Result "0-1"]
[Round "08"]
[TimeControl "180+2"]
[Date "2023.04.04"]
[WhiteClock "0:01:05"]
[BlackClock "0:00:41"]

1. b3 d5 2. Nf3 Bg4 3. e3 Nf6 4. Bb2 e6 5. h3 Bh5 6. g3 Be7 7. Bg2 c5 8. O-O Nc6 9. d3 O-O 10. Nbd2 h6 11. Qe2 Rc8 12. a3 b5 13. Rfd1 Qc7 14. Rac1 Rfd8 15. e4 dxe4 16. Nxe4 Nd4 17. Qe3 Nd5 18. Bxd4 Nxe3 19. Bxe3 c4 20. dxc4 bxc4 21. b4 a5 22. c3 Rd3 23. g4 Bg6 24. Nc5 Rxe3 25. fxe3 Bxc5 26. bxc5 Qxc5 27. Kf2 Qxa3 28. Ne5 Bd3 29. Bf1 Qb2+ 30. Kg3 Qb8 0-1


[Site "https://www.chess.com"]

[Event "Titled Tuesday Blitz April 4 Early 2023"]
[White "Yeletsky, Ivan"]
[Black "Poliakova, Varvara"]
[WhiteFideId "24180327"]
[BlackFideId "13518313"]
[WhiteElo "2422"]
[BlackElo "2075"]
[Result "1-0"]
[Round "08"]
[TimeControl "180+2"]
[Date "2023.04.04"]
[WhiteClock "0:01:05"]
[BlackClock "0:00:45"]

1. d4 f5 2. Bf4 d6 3. Nc3 Nf6 4. e3 g6 5. h4 h6 6. Qf3 Bg7 7. Bc4 e6 8. Nge2 O-O 9. O-O-O Nc6 10. Qg3 Kh7 11. f3 Ne7 12. Qh2 Ned5 13. Rhg1 Nxc3 14. Nxc3 a6 15. g4 b5 16. Bd3 Rb8 17. gxf5 exf5 18. Rg2 Nh5 19. Rdg1 Qe8 20. Rxg6 Qxg6 21. Rxg6 Kxg6 22. Nd5 Nxf4 23. Qxf4 Rf7 24. Nxc7 Bf8 25. Nd5 Be6 26. Qg3+ Kh7 27. Nf4 Rg7 28. Qh3 Bf7 29. Bxf5+ Kg8 30. Be6 Re8 31. Bxf7+ Rxf7 32. Nd5 Bg7 33. c3 a5 34. a3 Rb8 35. Kd2 b4 36. axb4 axb4 37. Nxb4 Rbf8 38. Qe6 Kh7 39. f4 Ra7 40. Kd3 Ra1 41. Qxd6 Rd1+ 42. Kc2 Rh1 43. Qe7 Rh2+ 44. Kb3 Kg8 45. Qe6+ Kh8 46. d5 Rd2 47. f5 Rf6 48. Qe8+ Kh7 49. e4 Re2 50. h5 Rxf5 51. Qg6+ 1-0


[Site "https://www.chess.com"]

[Event "Titled Tuesday Blitz April 4 Early 2023"]
[White "Gharibyan, Mamikon"]
[Black "Munoz, Francisco Javier"]
[WhiteFideId "13308300"]
[BlackFideId "128368"]
[WhiteElo "2445"]
[BlackElo "2383"]
[Result "1-0"]
[Round "08"]
[TimeControl "180+2"]
[Date "2023.04.04"]
[WhiteClock "0:00:10"]
[BlackClock "0:00:10"]

1. e4 e5 2. Nf3 Nc6 3. Bc4 Bc5 4. c3 Nf6 5. d3 a5 6. O-O d6 7. Re1 Ba7 8. Nbd2 h6 9. Nf1 O-O 10. Ng3 Re8 11. h3 Be6 12. Bxe6 Rxe6 13. d4 d5 14. exd5 Qxd5 15. dxe5 Qxd1 16. Rxd1 Nxe5 17. Nxe5 Rxe5 18. Bf4 Re7 19. Kf1 g5 20. Nf5 Re6 21. Bxc7 h5 22. f3 g4 23. Bg3 Kh7 24. Rd6 Rae8 25. Rxe6 Rxe6 26. Rd1 gxf3 27. gxf3 Kg6 28. Nd4 Re3 29. Kf2 Re8 30. Rg1 Bxd4+ 31. cxd4 Kf5 32. Rc1 Nd5 33. Rc5 Ke6 34. Rxa5 Rc8 35. Rc5 Ra8 36. a3 Ra6 37. Ke2 Rb6 38. Rc2 Rb3 39. h4 Re3+ 40. Kf2 Rd3 41. Re2+ Kd7 42. Re5 Ne7 43. Rxh5 Rxd4 44. Rb5 Kc6 45. Rb4 Rd2+ 46. Ke1 Rg2 47. Bf2 Nd5 48. Rg4 f5 49. Rxg2 1-0


[Site "https://www.chess.com"]

[Event "Titled Tuesday Blitz April 4 Early 2023"]
[White "Timofeev, Artyom"]
[Black "Ehlvest, Jaan"]
[WhiteFideId "4140419"]
[BlackFideId "4500016"]
[WhiteElo "2586"]
[BlackElo "2442"]
[Result "1-0"]
[Round "08"]
[TimeControl "180+2"]
[Date "2023.04.04"]
[WhiteClock "0:02:33"]
[BlackClock "0:02:08"]

1. c4 Nf6 2. Nc3 e5 3. Nf3 d6 4. g3 g6 5. Bg2 Bg7 6. O-O O-O 7. d3 Nc6 8. Rb1 Re8 9. Bg5 h6 10. Bxf6 Bxf6 11. b4 Bg7 12. b5 Nb8 13. Nd5 c6 14. bxc6 bxc6 15. Ne3 Na6 16. Nd2 Qc7 17. Qa4 Nb8 18. Nd5 1-0


[Site "https://www.chess.com"]

[Event "Titled Tuesday Blitz April 4 Early 2023"]
[White "Hasangatin, Ramil"]
[Black "Janaszak, Dawid"]
[WhiteFideId "4122160"]
[BlackFideId "1119206"]
[WhiteElo "2275"]
[BlackElo "2220"]
[Result "0-1"]
[Round "08"]
[TimeControl "180+2"]
[Date "2023.04.04"]
[WhiteClock "0:02:14"]
[BlackClock "0:02:08"]

1. e4 c5 2. Nf3 Nc6 3. Bb5 e5 4. O-O Nge7 5. c3 g6 6. d4 cxd4 7. cxd4 exd4 8. Nxd4 Bg7 9. Be3 O-O 10. Nc3 d5 11. exd5 Nxd5 12. Nxc6 bxc6 13. Bxc6 Nxe3 14. fxe3 Rb8 15. Qxd8 Rxd8 16. Bd5 Rxb2 17. Bxf7+ Kh8 18. Rac1 Ba6 19. Rf2 Rxf2 20. Kxf2 Rf8 0-1


[Site "https://www.chess.com"]

[Event "Titled Tuesday Blitz April 4 Early 2023"]
[White "Cherniaiev, Tykhon"]
[Black "Sielecki, Christof"]
[WhiteFideId "14182360"]
[BlackFideId "4620437"]
[WhiteElo "2450"]
[BlackElo "2443"]
[Result "1/2-1/2"]
[Round "08"]
[TimeControl "180+2"]
[Date "2023.04.04"]
[WhiteClock "0:00:28"]
[BlackClock "0:01:15"]

1. Nf3 d5 2. d4 Nf6 3. c4 e6 4. Nc3 a6 5. cxd5 exd5 6. Bg5 Be6 7. e3 Nbd7 8. Bd3 Bd6 9. O-O c6 10. a3 O-O 11. b4 h6 12. Bh4 b5 13. Qc2 a5 14. Rab1 axb4 15. axb4 Qc7 16. e4 dxe4 17. Nxe4 Nxe4 18. Bxe4 Bd5 19. Bxd5 cxd5 20. Qxc7 Bxc7 21. Rfc1 Rfc8 22. Bg3 Bxg3 23. hxg3 Kf8 24. Rxc8+ Rxc8 25. Ra1 Rc4 26. Ra8+ Ke7 27. Ra7 Kd8 28. Ra8+ Ke7 29. Ra7 Kd8 30. Ra8+ Ke7 1/2-1/2


[Site "https://www.chess.com"]

[Event "Titled Tuesday Blitz April 4 Early 2023"]
[White "Sousa, Andre Ventura"]
[Black "Schmakel, Sam"]
[WhiteFideId "1917617"]
[BlackFideId "2039311"]
[WhiteElo "2348"]
[BlackElo "2356"]
[Result "1/2-1/2"]
[Round "08"]
[TimeControl "180+2"]
[Date "2023.04.04"]
[WhiteClock "0:00:21"]
[BlackClock "0:00:11"]

1. e4 c5 2. Nf3 d6 3. d4 cxd4 4. Nxd4 Nf6 5. Nc3 a6 6. f3 e5 7. Nb3 Be6 8. Be3 h5 9. Nd5 Bxd5 10. exd5 Nbd7 11. Qd2 g6 12. O-O-O Rc8 13. Kb1 Qc7 14. Na5 h4 15. c4 Be7 16. Bd3 O-O 17. g3 e4 18. Bxe4 Nxe4 19. fxe4 Nc5 20. Bh6 Rfe8 21. Qc3 Bf8 22. Bxf8 Rxf8 23. Rde1 Rfe8 24. gxh4 Nxe4 25. Qb4 Nf6 26. Rhf1 Rxe1+ 27. Rxe1 Nxd5 28. Qxb7 Qxb7 29. Nxb7 Rxc4 30. h5 gxh5 31. Nxd6 Rh4 32. Re8+ Kh7 33. Nxf7 Rxh2 34. Ra8 Nb4 35. b3 h4 36. a3 Nd3 37. b4 h3 38. Ng5+ Kg6 39. Nxh3 Rxh3 40. Rxa6+ Kf5 41. Kc2 Ke5 42. Ra5+ Kd4 43. Ra8 Nf4 44. b5 Nd5 45. Rd8 Rxa3 46. b6 Ra6 47. b7 Rb6 48. b8=Q Rxb8 49. Rxb8 Kc5 50. Rc8+ Kd6 51. Kd1 Ke5 52. Rc1 Kd4 53. Kd2 Ke4 54. Rh1 Ke5 55. Rh5+ Kd4 56. Rh8 Ke4 57. Re8+ Kd4 58. Rd8 Ke4 59. Ke2 Ke5 60. Kd3 Nf4+ 61. Ke3 Nd5+ 62. Kd3 Nf4+ 63. Kc4 Ke4 64. Re8+ Kf5 65. Kd4 Ne6+ 66. Ke3 Ke5 67. Re7 Kd5 68. Rd7+ Ke5 69. Ra7 Kd5 70. Ra5+ Kd6 71. Ke4 Nc5+ 72. Kf5 Kd5 73. Rxc5+ Kxc5 1/2-1/2


[Site "https://www.chess.com"]

[Event "Titled Tuesday Blitz April 4 Early 2023"]
[White "polandchessplayer"]
[Black "Drori, Saar"]
[BlackFideId "2812444"]
[WhiteElo "2697"]
[BlackElo "2322"]
[Result "0-1"]
[Round "08"]
[TimeControl "180+2"]
[Date "2023.04.04"]
[WhiteClock "0:00:09"]
[BlackClock "0:00:13"]

1. c4 c5 2. Nc3 g6 3. g3 Bg7 4. Bg2 Nc6 5. e4 e6 6. Nge2 Nge7 7. d3 O-O 8. O-O b6 9. Be3 Bb7 10. f4 Nd4 11. Rc1 d5 12. e5 Nxe2+ 13. Nxe2 Qd7 14. Qe1 dxc4 15. dxc4 Bxg2 16. Kxg2 f6 17. exf6 Bxf6 18. Nc3 Nf5 19. Qe2 Rad8 20. Bf2 Qc6+ 21. Qf3 Qxf3+ 22. Kxf3 Rd2 23. g4 Nd4+ 24. Bxd4 Bxd4 25. Ne2 e5 26. Rfe1 exf4 27. Nxd4 Rd3+ 28. Kf2 Rxd4 29. Rc2 f3 30. h3 h5 31. gxh5 gxh5 32. Re3 Rff4 33. b3 Kf7 34. Rxf3 Kf6 35. Re2 Rxf3+ 36. Kxf3 Rd3+ 37. Kg2 Kf5 38. Kh2 Kf4 39. Kg2 Rg3+ 40. Kh2 Rd3 41. Kg2 Rc3 42. Rd2 Ke4 43. Rf2 h4 44. Rd2 Ke3 45. Rf2 Rc1 46. Rf3+ Ke4 47. Rf2 Ra1 48. Re2+ Kd3 49. Rf2 Ke3 50. Rb2 Re1 51. Rf2 Re2 52. Rxe2+ Kxe2 53. a3 a5 54. a4 Ke3 55. Kg1 Kf3 56. Kh2 Kf2 57. Kh1 Kg3 58. Kg1 Kxh3 59. Kh1 Kg3 60. Kg1 Kf3 61. Kh1 Ke3 62. Kh2 Kd3 63. Kh3 Kc3 64. Kxh4 Kxb3 0-1


[Site "https://www.chess.com"]

[Event "Titled Tuesday Blitz April 4 Early 2023"]
[White "Kosteniuk, Alexandra"]
[Black "Buksa, Nataliya"]
[WhiteFideId "4128125"]
[BlackFideId "14123622"]
[WhiteElo "2453"]
[BlackElo "2316"]
[Result "1/2-1/2"]
[Round "08"]
[TimeControl "180+2"]
[Date "2023.04.04"]
[WhiteClock "0:00:16"]
[BlackClock "0:00:11"]

1. d4 d5 2. Nf3 Nf6 3. g3 e6 4. Bg2 Be7 5. O-O O-O 6. b3 b6 7. c4 Bb7 8. cxd5 exd5 9. Nc3 Nbd7 10. Ne5 Ne4 11. Qc2 Nxc3 12. Qxc3 Nxe5 13. dxe5 d4 14. Qc4 Bxg2 15. Kxg2 c5 16. e3 Rc8 17. Rd1 b5 18. Qxb5 Qd5+ 19. f3 Qxe5 20. exd4 Qf5 21. Be3 Qe6 22. Qd3 cxd4 23. Bxd4 Rfd8 24. Re1 Qd6 25. Rad1 Bf6 26. Re4 Qa3 27. Qe2 Bxd4 28. Rdxd4 Rxd4 29. Rxd4 h5 30. Re4 Qc1 31. Re8+ Kh7 32. Rxc8 Qxc8 33. Qd3+ g6 34. b4 Qc6 35. Qe4 Qa4 36. Qc4 Kg7 37. Qc3+ Kh7 38. a3 Kg8 39. Qc8+ Kg7 40. Qc3+ Kg8 41. Qd3 Kg7 42. h4 Kg8 43. Qc3 Kh7 44. Qc4 Kg7 45. Qd4+ Kg8 46. Qd8+ Kg7 47. Qd3 Qc6 48. Kf2 a6 49. Ke3 Kg8 50. Qd8+ Kg7 51. Qd4+ Kg8 52. g4 Qc1+ 53. Ke4 Qxa3 54. gxh5 gxh5 55. Kf4 Qc1+ 56. Kf5 Qc6 57. Qe4 Qg6+ 58. Kf4 Qf6+ 59. Kg3 Qd6+ 60. Qf4 Qe7 61. Qg5+ Qxg5+ 62. hxg5 Kg7 63. Kh4 Kg6 64. f4 Kf5 65. Kxh5 Kxf4 66. g6 fxg6+ 67. Kxg6 Ke5 68. Kg5 Kd5 69. Kf4 Kc4 70. Ke3 Kxb4 71. Kd2 Kb3 72. Kc1 Ka2 73. Kc2 a5 74. Kc1 a4 75. Kc2 a3 76. Kc1 Kb3 77. Kb1 a2+ 78. Ka1 Ka3 1/2-1/2


[Site "https://www.chess.com"]

[Event "Titled Tuesday Blitz April 4 Early 2023"]
[White "Gurevich, Dmitry"]
[Black "Kowalczyk, Pawel"]
[WhiteFideId "2000407"]
[BlackFideId "1130641"]
[WhiteElo "2506"]
[BlackElo "2324"]
[Result "0-1"]
[Round "08"]
[TimeControl "180+2"]
[Date "2023.04.04"]
[WhiteClock "0:00:01"]
[BlackClock "0:00:47"]

1. d4 b5 2. Nf3 Bb7 3. e3 a6 4. a4 b4 5. Bd3 Nf6 6. O-O e6 7. Qe2 d5 8. c4 bxc3 9. Nxc3 Be7 10. Ne5 Nbd7 11. f4 c5 12. Kh1 Qb6 13. a5 Qa7 14. Ra4 Rc8 15. f5 c4 16. Nxd7 Nxd7 17. fxe6 fxe6 18. Qh5+ Kd8 19. Bc2 Nf6 20. Qh3 Bc6 21. Ra1 Bd7 22. Qg3 g6 23. e4 Nh5 24. Qe5 Rf8 25. Rxf8+ Bxf8 26. Bg5+ Ke8 27. Nxd5 Bg7 28. Nf6+ Bxf6 29. Bxf6 Qb8 30. Qxb8 Rxb8 31. Be5 Rxb2 32. Rc1 Kf7 33. Bd1 Nf6 34. Bf3 Bb5 35. g4 Nd7 36. Bd6 Rf2 37. Bg2 h6 38. Kg1 Ra2 39. Rf1+ Ke8 40. Rc1 Rxa5 41. e5 g5 42. d5 exd5 43. Bxd5 Ra4 44. Rf1 c3 45. Rc1 Rxg4+ 46. Kf2 Rd4 47. Be6 Nxe5 48. Bxe5 Re4 49. Re1 Rxe1 50. Kxe1 c2 51. Kd2 Ke7 52. Bb3 a5 53. Kxc2 a4 54. Ba2 Bc6 55. Kc3 h5 56. Kd4 Bf3 57. Ke3 Bd1 58. Bc3 Bc2 59. Kd4 Kf6 60. Ke3+ Kf5 61. Be1 h4 62. Bc4 Kg4 0-1


[Site "https://www.chess.com"]

[Event "Titled Tuesday Blitz April 4 Early 2023"]
[White "Skvortsov, Andrei"]
[Black "Namitbir Singh Walia"]
[WhiteFideId "24108600"]
[BlackFideId "35071068"]
[WhiteElo "2259"]
[BlackElo "2239"]
[Result "1/2-1/2"]
[Round "08"]
[TimeControl "180+2"]
[Date "2023.04.04"]
[WhiteClock "0:00:07"]
[BlackClock "0:00:09"]

1. e4 e5 2. d4 exd4 3. Qxd4 Nc6 4. Qd3 Nf6 5. Nc3 d6 6. Bg5 h6 7. Bh4 Be7 8. O-O-O O-O 9. f4 Be6 10. a3 Nd7 11. Bxe7 Qxe7 12. Nf3 Nc5 13. Qe3 Rfe8 14. Bb5 a6 15. Bxc6 bxc6 16. Rhe1 Rab8 17. Qd4 Bg4 18. e5 d5 19. Qf2 Ne6 20. h3 Bxf3 21. Qxf3 Qc5 22. f5 Ng5 23. Qe3 Qb6 24. Qxb6 cxb6 25. b4 g6 26. h4 Nh7 27. g4 Re7 28. a4 Rbe8 29. b5 axb5 30. axb5 cxb5 31. Rxd5 Nf6 32. Rxb5 Nxg4 33. fxg6 fxg6 34. e6 Rxe6 35. Rg1 h5 36. Nd5 Re5 37. c4 Rc8 38. Nxb6 Rxc4+ 39. Nxc4 Rxb5 40. Kd2 Kg7 41. Kd3 Rf5 42. Nd2 Rf2 43. Ne4 Rh2 44. Ra1 Rxh4 45. Ra7+ Kh6 46. Nd6 Nf6 47. Nf7+ Kg7 48. Ng5+ Kh6 49. Nf7+ Kg7 50. Ng5+ Kg8 51. Ra8+ Kg7 52. Ra7+ 1/2-1/2


[Site "https://www.chess.com"]

[Event "Titled Tuesday Blitz April 4 Early 2023"]
[White "Sieciechowicz, Marcin"]
[Black "Shvedova, Alexandra"]
[WhiteFideId "1130170"]
[BlackFideId "54154782"]
[WhiteElo "2302"]
[BlackElo "2057"]
[Result "1-0"]
[Round "08"]
[TimeControl "180+2"]
[Date "2023.04.04"]
[WhiteClock "0:00:08"]
[BlackClock "0:00:10"]

1. d4 Nf6 2. c4 e6 3. Nc3 Bb4 4. Qc2 O-O 5. Nf3 b6 6. e4 d5 7. cxd5 exd5 8. e5 Ne4 9. Bd3 f5 10. O-O Be6 11. Ne2 Kh8 12. Nf4 Bg8 13. h4 Be7 14. g3 c5 15. Kg2 Nc6 16. Be3 Rc8 17. Qe2 cxd4 18. Bxd4 Bc5 19. Bxc5 bxc5 20. Rad1 Qe7 21. h5 Rfe8 22. Ng6+ hxg6 23. hxg6 Bf7 24. Nh4 Kg8 25. Qh5 Bxg6 26. Nxg6 Qg5 27. Rh1 Qxh5 28. Rxh5 Kf7 29. Nf4 Rxe5 30. Nxd5 Na5 31. Nf4 c4 32. Bc2 Rc7 33. Rd8 Nc6 34. Ra8 Nd4 35. Ba4 Ne6 36. Rhh8 Nxf4+ 37. gxf4 Ra5 38. Rhf8+ Kg6 39. Be8+ Kh7 40. Bh5 g6 41. Rh8+ Kg7 42. Rag8+ Kf6 43. Rxg6+ Ke7 44. Rh7+ Kd8 45. Rg8# 1-0


[Site "https://www.chess.com"]

[Event "Titled Tuesday Blitz April 4 Early 2023"]
[White "Manukyan, Artyom"]
[Black "Sokolovsky, Yahli"]
[WhiteFideId "13305786"]
[BlackFideId "2820242"]
[WhiteElo "2078"]
[BlackElo "2316"]
[Result "1-0"]
[Round "08"]
[TimeControl "180+2"]
[Date "2023.04.04"]
[WhiteClock "0:00:22"]
[BlackClock "0:00:04"]

1. e4 g6 2. d4 Bg7 3. Nc3 d6 4. f4 Nf6 5. Nf3 Bg4 6. h3 Bxf3 7. Qxf3 Nc6 8. Be3 e5 9. Bb5 O-O 10. Bxc6 bxc6 11. dxe5 dxe5 12. f5 Rb8 13. b3 Qd6 14. O-O Qb4 15. Bxa7 Rbd8 16. a3 Qa5 17. Qe3 Bh6 18. Qxh6 Qxa7+ 19. Kh2 Qd4 20. Rf3 Qd2 21. Qh4 Nh5 22. Rd1 Qxd1 23. Nxd1 Rxd1 24. f6 Rd6 25. Qg5 Re8 26. Rd3 Rxf6 27. a4 Rf2 28. Rd8 Rxd8 29. Qxd8+ Kg7 30. Qxc7 1-0


[Site "https://www.chess.com"]